[Event "Titled Tuesday Blitz April 11 Late 2023"]
[White "Caruana, Fabiano"]
[Black "Nakamura, Hikaru"]
[WhiteFideId "2020009"]
[BlackFideId "2016192"]
[WhiteElo "2837"]
[BlackElo "2885"]
[Result "1-0"]
[Round "06"]
[TimeControl "180+2"]
[Date "2023.04.11"]
[WhiteClock "0:00:10"]
[BlackClock "0:00:07"]

1. d4 Nf6 2. Bf4 d5 3. e3 Bf5 4. c4 e6 5. Nc3 Bb4 6. Qb3 Nc6 7. Nf3 O-O 8. Be2 Ne4 9. O-O Bxc3 10. bxc3 Na5 11. Qb4 Nxc4 12. Bxc4 dxc4 13. Qxc4 c5 14. Qb3 Qe7 15. h3 Rac8 16. Rfc1 h6 17. a4 Rfd8 18. a5 f6 19. Qb2 g5 20. Bh2 Bg6 21. Nd2 Nxd2 22. Qxd2 e5 23. Qb2 cxd4 24. cxd4 exd4 25. exd4 Bf7 26. Re1 Qf8 27. Qxb7 Ra8 28. a6 Bd5 29. Qc7 Rdc8 30. Qa5 Qf7 31. Bd6 Re8 32. Bc5 Bc6 33. Qc3 Qd5 34. f3 Kf7 35. Qc2 Kg7 36. Rxe8 Bxe8 37. Re1 h5 38. Re7+ Bf7 39. Qe4 Qxe4 40. fxe4 Re8 41. Rxa7 Rxe4 42. Kf2 Kg6 43. Rd7 Re8 44. a7 Bc4 45. d5 f5 46. Re7 Rd8 47. d6 Bd5 48. Rc7 Kf6 49. Bb4 f4 50. Rc5 Ba8 51. Bc3+ Ke6 52. Rxg5 Rxd6 53. Rxh5 Rd7 54. Rh6+ Kf5 55. Ra6 Rc7 56. Ra5+ Ke4 57. Ra3 Kf5 58. Kg1 Re7 59. Bd4 Re1+ 60. Kf2 Rd1 61. Bc3 Rc1 62. Ra5+ Ke4 63. Bd2 Rc2 64. Ke2 Kd4 65. Ra4+ Ke5 66. Rxf4 Bxg2 67. Rg4 Bh1 68. Rg5+ Ke6 69. Rg1 Bb7 70. Rg7 Bh1 71. Rg6+ Kf5 72. Ra6 Ba8 73. Ra5+ Ke4 74. h4 Rc7 75. h5 Re7 76. h6 Kd4+ 77. Kf2 Kd3 78. Bg5 Re2+ 79. Kg3 Rg2+ 80. Kf4 Rf2+ 81. Ke5 Rf7 82. Ra3+ Ke2 83. Bf6 Rb7 84. Bg7 Rb5+ 85. Kd6 Rh5 86. Kc7 Rh1 87. Kb8 Bd5 88. a8=Q Bxa8 89. Kxa8 1-0


[Site "https://www.chess.com"]

[Event "Titled Tuesday Blitz April 11 Late 2023"]
[White "Svane, Rasmus"]
[Black "Naroditsky, Daniel"]
[WhiteFideId "4657101"]
[BlackFideId "2026961"]
[WhiteElo "2597"]
[BlackElo "2633"]
[Result "0-1"]
[Round "06"]
[TimeControl "180+2"]
[Date "2023.04.11"]
[WhiteClock "0:00:01"]
[BlackClock "0:00:05"]

1. Nf3 Nf6 2. g3 g6 3. Bg2 Bg7 4. O-O O-O 5. d4 d6 6. Re1 c5 7. dxc5 dxc5 8. c3 Nc6 9. Qxd8 Rxd8 10. Be3 c4 11. Na3 Be6 12. Nd2 Na5 13. Red1 Nd5 14. Bc5 Rd7 15. Rac1 Rad8 16. Nf3 Nxc3 17. Rxd7 Nxe2+ 18. Kf1 Rxd7 19. Kxe2 b6 20. Bb4 Bxb2 21. Rc2 c3 22. Ne5 Rc7 23. Nb5 Bf5 24. Nxc7 Bxc2 25. Nd5 f6 26. Ng4 Bf5 27. Nxe7+ Kh8 28. Nxf5 c2 29. Bd2 gxf5 30. Nxf6 Nc4 31. Bg5 Kg7 32. Nd5 c1=Q 33. Bxc1 Bxc1 34. Kd3 Nd6 35. f4 Bb2 36. h3 Ba1 37. g4 h6 38. Bf3 Kf7 39. g5 Bg7 40. h4 Ke6 41. h5 Nf7 42. g6 Nd6 43. Ne3 b5 44. Bd5+ Ke7 45. Bb3 a5 46. a4 bxa4 47. Bxa4 Ke6 48. Bb3+ Kd7 49. Ke2 Ke7 50. Bc2 Ke6 51. Bb3+ Ke7 52. Nd5+ Kd7 53. Kd3 Ne4 54. Ba4+ Ke6 55. Nc7+ Ke7 56. Kc4 Ng3 57. Nd5+ Kd6 58. Ne3 Ke6 59. Bb3 Nxh5 60. Kc5+ Kf6 61. Bf7 Nxf4 62. Nd5+ Nxd5 63. Kxd5 a4 64. Kd4 a3 65. Kc3 Bf8 66. Kb3 h5 67. g7 Kxf7 68. gxf8=Q+ Kxf8 0-1


[Site "https://www.chess.com"]

[Event "Titled Tuesday Blitz April 11 Late 2023"]
[White "Bortnyk, Olexandr"]
[Black "Bortnyk, Mykola"]
[WhiteFideId "14120828"]
[BlackFideId "14120836"]
[WhiteElo "2734"]
[BlackElo "2582"]
[Result "0-1"]
[Round "06"]
[TimeControl "180+2"]
[Date "2023.04.11"]
[WhiteClock "0:00:26"]
[BlackClock "0:01:45"]

1. d4 Nf6 2. Nc3 d5 3. Bf4 e6 4. Nb5 Bb4+ 5. c3 Ba5 6. a4 a6 7. b4 axb5 8. axb5 Bd7 9. e3 c6 10. bxa5 Rxa5 11. Rxa5 Qxa5 12. Bxb8 Qxc3+ 13. Ke2 O-O 14. Be5 Ne4 15. Nh3 f6 16. Bc7 e5 17. Qe1 Bg4+ 0-1


[Site "https://www.chess.com"]

[Event "Titled Tuesday Blitz April 11 Late 2023"]
[White "Hakobyan, Aram"]
[Black "Zakhartsov, Vladimir"]
[WhiteFideId "13306677"]
[BlackFideId "4145097"]
[WhiteElo "2584"]
[BlackElo "2497"]
[Result "1-0"]
[Round "06"]
[TimeControl "180+2"]
[Date "2023.04.11"]
[WhiteClock "0:01:29"]
[BlackClock "0:00:05"]

1. d4 Nf6 2. c4 e6 3. a3 c5 4. d5 exd5 5. cxd5 d6 6. Nc3 g6 7. e4 Bg7 8. Nf3 O-O 9. Be2 b5 10. Qc2 a6 11. O-O Re8 12. Bf4 Bg4 13. Rfe1 Bxf3 14. Bxf3 Qc7 15. e5 dxe5 16. d6 Qxd6 17. Bxa8 exf4 18. Rxe8+ Nxe8 19. Ne4 Qe5 20. Re1 Nc7 21. Bb7 f5 22. Nf6+ Qxf6 23. Qxc5 Qd8 24. Rc1 Ne8 25. Qc8 Qe7 26. Qxb8 Bxb2 27. Rb1 Bxa3 28. Bxa6 b4 29. Bb5 Kf7 30. Qxf4 Nd6 31. Bd3 Qe6 32. h3 Qd5 33. Bc2 Kf6 34. Rd1 1-0


[Site "https://www.chess.com"]

[Event "Titled Tuesday Blitz April 11 Late 2023"]
[White "Tang, Andrew"]
[Black "Hansen, Eric"]
[WhiteFideId "2059630"]
[BlackFideId "2606771"]
[WhiteElo "2596"]
[BlackElo "2561"]
[Result "0-1"]
[Round "06"]
[TimeControl "180+2"]
[Date "2023.04.11"]
[WhiteClock "0:00:02"]
[BlackClock "0:00:06"]

1. d4 Nf6 2. c4 e6 3. Nc3 d5 4. cxd5 exd5 5. Bg5 Be7 6. e3 c6 7. Bd3 Nbd7 8. Nge2 h6 9. Bh4 Nh5 10. Bxe7 Qxe7 11. g4 Nhf6 12. Ng3 Nb6 13. h3 g6 14. Qc2 Bd7 15. a4 a5 16. Qb3 Qb4 17. Ra3 Nc8 18. Qc2 Qe7 19. O-O Nd6 20. e4 dxe4 21. Ncxe4 Ndxe4 22. Bxe4 O-O 23. Re3 Nxe4 24. Nxe4 f5 25. Nc5 Qf7 26. Nd3 fxg4 27. Ne5 Qg7 28. hxg4 Be8 29. Rfe1 Rd8 30. Re4 Qf6 31. f3 Kg7 32. Kg2 Rd5 33. Qc3 Bf7 34. Nc4 h5 35. Ne5 hxg4 36. Rxg4 Rh8 37. Qe3 Rh5 38. Qe4 Rd6 39. Rg1 c5 40. dxc5 Rd2+ 41. Kg3 Rxe5 42. Qf4 Rf5 43. Qe3 Rdd5 44. Rh1 Rh5 45. Re1 Rde5 46. Qd2 Rxe1 47. Qxe1 Bd5 48. Qe3 Re5 49. Qd3 Rf5 50. f4 Bc6 51. b3 Rd5 52. Qe3 Kf7 53. Rh4 Rh5 54. Rg4 Qa1 55. f5 gxf5 56. Rf4 Qg7+ 57. Kf2 Qg2+ 58. Ke1 Rh1+ 0-1


[Site "https://www.chess.com"]

[Event "Titled Tuesday Blitz April 11 Late 2023"]
[White "Lazavik, Denis"]
[Black "Grigoriants, Sergey"]
[WhiteFideId "13515110"]
[BlackFideId "4130804"]
[WhiteElo "2560"]
[BlackElo "2502"]
[Result "1-0"]
[Round "06"]
[TimeControl "180+2"]
[Date "2023.04.11"]
[WhiteClock "0:00:12"]
[BlackClock "0:00:03"]

1. d4 d5 2. c4 c6 3. Nf3 Nf6 4. Qc2 g6 5. cxd5 cxd5 6. Bf4 Nc6 7. Nc3 Bg7 8. e3 O-O 9. Be2 Bf5 10. Qb3 Na5 11. Qb4 Rc8 12. O-O Re8 13. Rfc1 Bf8 14. Qa4 a6 15. h3 b5 16. Qd1 Nc4 17. b3 Nd6 18. Ne5 Qb6 19. Bd3 Bxd3 20. Qxd3 e6 21. a4 b4 22. a5 Qb7 23. Na4 Qb5 24. Nc5 Nfe4 25. Nxa6 Rxc1+ 26. Rxc1 Qxa5 27. f3 Nc3 28. Nxb4 Ndb5 29. Nc2 Qa2 30. b4 Rc8 31. Kh2 Qb2 32. Re1 Bxb4 33. Nxb4 Qxb4 34. Nd7 Qc4 35. Qd2 Qa2 36. Qxa2 Nxa2 37. Nf6+ Kf8 38. Nxh7+ Ke7 39. Bg5+ Kd6 40. Nf6 Rc2 41. h4 Nbc3 42. Kh3 Nb4 43. Ra1 Nca2 44. Rb1 Kc6 45. Rb3 Rc1 46. g4 Kb5 47. Ra3 Nc3 48. h5 gxh5 49. gxh5 Ne2 50. h6 Rh1+ 51. Kg2 Rg1+ 52. Kf2 Rxg5 53. h7 Nc1 54. h8=Q Ncd3+ 55. Rxd3 Nxd3+ 56. Ke2 1-0


[Site "https://www.chess.com"]

[Event "Titled Tuesday Blitz April 11 Late 2023"]
[White "Gharibyan, Mamikon"]
[Black "Andreikin, Dmitry"]
[WhiteFideId "13308300"]
[BlackFideId "4158814"]
[WhiteElo "2445"]
[BlackElo "2736"]
[Result "1-0"]
[Round "06"]
[TimeControl "180+2"]
[Date "2023.04.11"]
[WhiteClock "0:00:03"]
[BlackClock "0:00:05"]

1. d4 Nf6 2. c4 e6 3. Nf3 d5 4. Nc3 c6 5. Bg5 h6 6. Bh4 dxc4 7. e4 g5 8. Bg3 b5 9. Be2 Nbd7 10. Qc2 Bb7 11. Rd1 Nh5 12. d5 Nxg3 13. hxg3 Qe7 14. a4 b4 15. d6 Qf6 16. e5 Qg7 17. Ne4 g4 18. Nf6+ Nxf6 19. exf6 Qxf6 20. d7+ Kd8 21. Nd4 c5 22. Nb5 a6 23. Qxc4 Bxg2 24. Rh5 Bc6 25. Rxc5 axb5 26. Qxb4 Rxa4 27. Qxb5 Bxc5 28. Qb8+ Ke7 29. d8=Q+ Rxd8 30. Qxd8# 1-0


[Site "https://www.chess.com"]

[Event "Titled Tuesday Blitz April 11 Late 2023"]
[White "Vakhlamov, Igor L."]
[Black "Sarana, Alexey"]
[WhiteFideId "24126748"]
[BlackFideId "24133795"]
[WhiteElo "2400"]
[BlackElo "2714"]
[Result "0-1"]
[Round "06"]
[TimeControl "180+2"]
[Date "2023.04.11"]
[WhiteClock "0:00:04"]
[BlackClock "0:01:07"]

1. e4 e5 2. Nf3 Nc6 3. Nc3 Nf6 4. Bb5 d6 5. d4 exd4 6. Nxd4 Bd7 7. Bxc6 bxc6 8. Qf3 Be7 9. e5 Nd5 10. exd6 Bxd6 11. Nxd5 cxd5 12. Qxd5 O-O 13. O-O Be6 14. Qe4 Bd5 15. Qg4 Qf6 16. Nf5 Be6 17. Nh6+ Kh8 18. Bg5 Qg6 19. Qh4 f6 20. Bf4 gxh6 21. Bxd6 cxd6 22. Rfe1 Bd5 23. g3 Rae8 24. c4 Bb7 25. Qf4 Re5 26. c5 Rfe8 27. Rxe5 dxe5 28. Qa4 f5 29. Re1 Qc6 30. Qxc6 Bxc6 31. b4 Kg7 32. f4 e4 33. Rd1 e3 34. Re1 Re4 35. Kf1 Bb5+ 36. Kg2 e2 37. a3 Re3 38. c6 Rxa3 39. c7 Rc3 40. Rc1 Rxc1 41. g4 e1=Q 42. c8=Q Rxc8 43. Kh3 Rc3+ 44. Kg2 Bc6# 0-1


[Site "https://www.chess.com"]

[Event "Titled Tuesday Blitz April 11 Late 2023"]
[White "Holt, Conrad"]
[Black "Firouzja, Alireza"]
[WhiteFideId "2034387"]
[BlackFideId "12573981"]
[WhiteElo "2592"]
[BlackElo "2904"]
[Result "1-0"]
[Round "06"]
[TimeControl "180+2"]
[Date "2023.04.11"]
[WhiteClock "0:00:21"]
[BlackClock "0:00:02"]

1. d4 Nf6 2. c4 g6 3. Nc3 Bg7 4. e4 d6 5. Nf3 O-O 6. h3 e5 7. dxe5 dxe5 8. Qxd8 Rxd8 9. Bg5 Na6 10. Nd5 Rd6 11. Bxf6 Bxf6 12. Rc1 c5 13. Be2 Bg7 14. a3 Be6 15. O-O Rad8 16. b4 Kf8 17. Rb1 f5 18. Ng5 Bg8 19. f4 exf4 20. Rxf4 h6 21. Nf3 Bh7 22. h4 Kg8 23. exf5 gxf5 24. Bd3 cxb4 25. axb4 Nc7 26. Nxc7 Rxd3 27. Ne6 Rd1+ 28. Rxd1 Rxd1+ 29. Kf2 Bf6 30. g4 Rb1 31. b5 Kf7 32. gxf5 Bxf5 33. Nc5 b6 34. Rxf5 bxc5 35. Rxc5 Rb2+ 36. Kg3 Rc2 37. Rc7+ Ke6 38. Kf4 Rc3 39. Rc6+ Kf7 40. h5 Kg7 41. Ke4 Kf7 42. c5 Ke7 43. Ne5 Rh3 44. Ng6+ Kf7 45. Nf4 Rh4 46. Kf5 Bg5 47. Rc7+ Ke8 48. Ne6 Rh1 49. Rxa7 Rf1+ 50. Ke5 Re1+ 51. Kd5 Bf6 52. Ra8+ Ke7 53. Ra7+ Ke8 54. b6 Rd1+ 55. Kc6 1-0


[Site "https://www.chess.com"]

[Event "Titled Tuesday Blitz April 11 Late 2023"]
[White "Baskakov, Egor"]
[Black "Anton Guijarro, David"]
[WhiteFideId "24197866"]
[BlackFideId "2285525"]
[WhiteElo "2212"]
[BlackElo "2618"]
[Result "0-1"]
[Round "06"]
[TimeControl "180+2"]
[Date "2023.04.11"]
[WhiteClock "0:00:25"]
[BlackClock "0:00:22"]

1. e4 e5 2. Nc3 Nc6 3. g3 Bc5 4. Bg2 d6 5. Nge2 a5 6. d3 a4 7. a3 Nf6 8. h3 O-O 9. O-O Be6 10. Nd5 h6 11. Kh2 Bxd5 12. exd5 Nd4 13. Nc3 Re8 14. f4 Bb6 15. f5 Qd7 16. g4 c6 17. dxc6 bxc6 18. Ne4 Nxe4 19. dxe4 Bd8 20. Be3 Bg5 21. Bf2 Qe7 22. Qd3 Reb8 23. c3 Nb3 24. Rad1 Rd8 25. Be1 Nc5 26. Qc4 Rab8 27. Rf2 Rb5 28. Re2 Rdb8 29. Rb1 Bf4+ 30. Kh1 h5 31. Bf3 hxg4 32. Bxg4 Qb7 33. Bf3 Rd8 34. Rg2 d5 35. exd5 cxd5 36. Qf1 f6 37. c4 Rb3 38. Bxd5+ Rxd5 39. cxd5 Qxd5 40. Bf2 Ne4 41. Rd1 Nxf2+ 42. Qxf2 Qxd1+ 43. Rg1 Rxh3+ 44. Kg2 Rh2# 0-1


[Site "https://www.chess.com"]

[Event "Titled Tuesday Blitz April 11 Late 2023"]
[White "Szpar, Milosz"]
[Black "Martinez Alcantara, Jose Eduardo"]
[WhiteFideId "1184989"]
[BlackFideId "3805662"]
[WhiteElo "2436"]
[BlackElo "2711"]
[Result "0-1"]
[Round "06"]
[TimeControl "180+2"]
[Date "2023.04.11"]
[WhiteClock "0:00:53"]
[BlackClock "0:02:18"]

1. e4 c5 2. Nf3 d6 3. d4 cxd4 4. Nxd4 a6 5. Nc3 e6 6. g4 h6 7. h4 Nf6 8. Rg1 Nfd7 9. g5 hxg5 10. hxg5 g6 11. f4 Qb6 12. Be3 Qxb2 13. Nde2 Qb4 14. Kf2 Nc6 15. Bg2 Qa5 16. Rb1 Nc5 17. Rh1 Rxh1 18. Qxh1 Bd7 19. Qh7 Qc7 0-1


[Site "https://www.chess.com"]

[Event "Titled Tuesday Blitz April 11 Late 2023"]
[White "Zhigalko, Sergei"]
[Black "Bolourchifard, Farzad"]
[WhiteFideId "13502956"]
[BlackFideId "12510084"]
[WhiteElo "2626"]
[BlackElo "2317"]
[Result "1-0"]
[Round "06"]
[TimeControl "180+2"]
[Date "2023.04.11"]
[WhiteClock "0:02:01"]
[BlackClock "0:00:25"]

1. e4 e5 2. Nf3 Nc6 3. Bc4 Bc5 4. b4 Bxb4 5. c3 Ba5 6. d4 exd4 7. O-O Nge7 8. Ng5 d5 9. Nxf7 Kxf7 10. exd5 Ne5 11. Bb3 dxc3 12. d6+ Be6 13. Qh5+ g6 14. Qxe5 Bxb3 15. Qxa5 Nc6 16. Qxc3 Be6 17. Bb2 Rg8 18. dxc7 Qxc7 19. Qf6+ Ke8 20. Qxe6+ Kf8 21. Re1 1-0


[Site "https://www.chess.com"]

[Event "Titled Tuesday Blitz April 11 Late 2023"]
[White "Mammadov, Zaur"]
[Black "Kollars, Dmitrij"]
[WhiteFideId "13401033"]
[BlackFideId "12909572"]
[WhiteElo "2441"]
[BlackElo "2584"]
[Result "1-0"]
[Round "06"]
[TimeControl "180+2"]
[Date "2023.04.11"]
[WhiteClock "0:00:46"]
[BlackClock "0:00:03"]

1. e4 e5 2. Nf3 Nc6 3. Nc3 Nf6 4. Be2 Bb4 5. Nd5 Bc5 6. c3 Nxe4 7. d4 exd4 8. cxd4 Be7 9. O-O O-O 10. Bd3 Nf6 11. Nxe7+ Nxe7 12. Bg5 Ng6 13. h4 h6 14. h5 hxg5 15. hxg6 fxg6 16. Nxg5 Nh5 17. f4 Qf6 18. Bc4+ Kh8 19. Qd2 d6 20. Rae1 Bg4 21. Qe3 Nxf4 22. Nf7+ Rxf7 23. Bxf7 g5 24. g3 Bh3 25. Rf2 Qxf7 26. gxf4 g4 27. f5 Rf8 28. Kh2 Qf6 29. Qe7 Kg8 30. Qxf6 Rxf6 31. Re7 b6 32. Kg3 c5 33. Rxa7 cxd4 34. Rb7 d5 35. Rd7 Rc6 36. Rxd5 Rc4 37. Rd7 Rc1 38. f6 gxf6 39. Rxf6 Rg1+ 40. Kh4 Rh1 41. Rxb6 Bf1+ 42. Kg5 1-0


[Site "https://www.chess.com"]

[Event "Titled Tuesday Blitz April 11 Late 2023"]
[White "Steinberg, Nitzan"]
[Black "Rodshtein, Maxim"]
[WhiteFideId "2801795"]
[BlackFideId "2806851"]
[WhiteElo "2486"]
[BlackElo "2555"]
[Result "1/2-1/2"]
[Round "06"]
[TimeControl "180+2"]
[Date "2023.04.11"]
[WhiteClock "0:01:28"]
[BlackClock "0:00:54"]

1. e4 e6 2. d4 d5 3. Nd2 c5 4. Ngf3 cxd4 5. Nxd4 Nc6 6. Bb5 Bd7 7. Nxc6 bxc6 8. Bd3 Qc7 9. O-O Ne7 10. c4 d4 11. c5 Ng6 12. Nc4 Bxc5 13. f4 Bd6 14. e5 Be7 15. Qh5 c5 16. Bd2 Bc6 17. Rae1 Bd5 18. f5 exf5 19. Nd6+ Kf8 20. Bxf5 Kg8 21. Be4 Bxe4 22. Rxe4 Bxd6 23. exd6 Qxd6 24. Qf5 Rf8 25. h4 h5 26. Bg5 c4 27. Rd1 d3 28. Rxc4 Ne5 29. Re4 f6 30. Rf4 1/2-1/2


[Site "https://www.chess.com"]

[Event "Titled Tuesday Blitz April 11 Late 2023"]
[White "Kushko, Dmitriy"]
[Black "Terry, Renato"]
[WhiteFideId "14162261"]
[BlackFideId "3803457"]
[WhiteElo "2230"]
[BlackElo "2575"]
[Result "0-1"]
[Round "06"]
[TimeControl "180+2"]
[Date "2023.04.11"]
[WhiteClock "0:01:17"]
[BlackClock "0:02:20"]

1. f4 d5 2. Nf3 g6 3. g3 Bg7 4. Bg2 Nh6 5. O-O O-O 6. d3 d4 7. c3 c5 8. e4 Nc6 9. c4 e5 10. h3 f5 11. Nxe5 Nxe5 12. fxe5 fxe4 13. Bxe4 Bxh3 14. Rxf8+ Qxf8 15. Bf4 Re8 16. Nd2 Bxe5 17. Bxe5 Rxe5 18. Nf3 Bg4 19. Qf1 Rxe4 0-1


[Site "https://www.chess.com"]

[Event "Titled Tuesday Blitz April 11 Late 2023"]
[White "Corrales Jimenez, Fidel"]
[Black "Hasangatin, Ramil"]
[WhiteFideId "3506690"]
[BlackFideId "4122160"]
[WhiteElo "2541"]
[BlackElo "2275"]
[Result "1/2-1/2"]
[Round "06"]
[TimeControl "180+2"]
[Date "2023.04.11"]
[WhiteClock "0:00:21"]
[BlackClock "0:00:13"]

1. d4 d6 2. Nf3 Bg4 3. Nbd2 Nf6 4. h3 Bh5 5. g3 c6 6. Bg2 Nbd7 7. g4 Bg6 8. Nh4 e5 9. c3 Be7 10. Nxg6 hxg6 11. e3 d5 12. Qe2 O-O 13. g5 Nh5 14. Bf3 Bxg5 15. Bxh5 gxh5 16. Qxh5 Bf6 17. Nf3 Qe7 18. Rg1 g6 19. Bd2 Bg7 20. Qg4 Rae8 21. O-O-O Nf6 22. Qg2 Ne4 23. Nxe5 Bxe5 24. dxe5 Nxd2 25. Rxd2 Qxe5 26. Rd4 Kg7 27. Rg4 Re6 28. Rg5 Qe4 29. Qg3 Rh8 30. Rg4 Qe5 31. Qg2 Rf6 32. h4 Qf5 33. f4 Re6 34. Qh3 Qe4 35. R4g3 Rh5 36. Qg4 Qf5 37. Qxf5 Rxf5 38. Kd2 Rh5 39. Rh3 Re8 40. Rg5 Reh8 41. Rxh5 Rxh5 42. Ke2 f5 43. Kf3 Kf6 44. Rh1 Rh8 45. b3 Rh7 46. c4 dxc4 47. bxc4 b6 48. a4 Ke6 49. e4 fxe4+ 50. Kxe4 Rh5 51. Rg1 Kf6 52. Rd1 Ke6 53. Rd8 Rxh4 54. Rc8 g5 55. Rxc6+ Kd7 56. Kd5 Rxf4 57. Rd6+ Kc7 58. Rg6 Rf5+ 59. Kd4 Rc5 60. Kc3 Kb7 61. Kb4 Ka6 62. Rg7 Rf5 63. Rg6 Re5 64. Rg7 Rf5 65. Rg6 Re5 66. Rh6 g4 67. Rg6 Re4 68. a5 Rf4 69. axb6 axb6 70. Kc3 Re4 71. Kd3 Rf4 72. c5 Rb4 73. c6 Rb5 74. Rxg4 Rc5 75. Rg6 Kb5 76. Rg1 Rxc6 77. Rb1+ Kc5 78. Rc1+ Kd6 79. Rxc6+ Kxc6 80. Kc4 b5+ 81. Kb4 Kb6 82. Kb3 Kc5 83. Kc3 b4+ 84. Kb3 Kb5 85. Kb2 Kc5 86. Kb3 Kb5 87. Kb2 Kc4 88. Kc2 b3+ 89. Kb2 Kb4 90. Kb1 Kc3 91. Kc1 b2+ 92. Kb1 Kb3 1/2-1/2


[Site "https://www.chess.com"]

[Event "Titled Tuesday Blitz April 11 Late 2023"]
[White "Makarian, Rudik"]
[Black "Kosteniuk, Alexandra"]
[WhiteFideId "44105681"]
[BlackFideId "4128125"]
[WhiteElo "2430"]
[BlackElo "2453"]
[Result "0-1"]
[Round "06"]
[TimeControl "180+2"]
[Date "2023.04.11"]
[WhiteClock "0:00:02"]
[BlackClock "0:00:09"]

1. d4 f5 2. c4 Nf6 3. Nc3 g6 4. g3 Bg7 5. Bg2 O-O 6. Nh3 d6 7. d5 Na6 8. O-O Nc5 9. Nf4 a5 10. Qc2 Bd7 11. Rd1 a4 12. Rb1 Qe8 13. Be3 Nce4 14. Bd4 g5 15. Ne6 Bxe6 16. dxe6 Nxc3 17. Bxc3 Qh5 18. h3 Ne4 19. Bxg7 Kxg7 20. Rd5 c6 21. Rd4 Nc5 22. e3 Qg6 23. b4 axb3 24. axb3 Nxe6 25. Rd2 Qf6 26. b4 Ra1 27. b5 Rfa8 28. Rxa1 Rxa1+ 29. Kh2 cxb5 30. cxb5 Nc5 31. Qc4 f4 32. exf4 gxf4 33. Rd4 Ra4 34. Qxa4 fxg3+ 35. fxg3 Nxa4 36. Rxa4 Qb2 37. Rg4+ Kf6 38. Rf4+ Ke6 39. Rh4 Qxb5 40. Rxh7 Qb2 41. h4 b5 42. Rh6+ Kf7 43. Rh5 b4 44. Rb5 e6 45. Kh3 Qb1 46. h5 b3 47. Rb7+ Kf6 48. h6 b2 49. h7 Qf5+ 50. g4 Qxh7+ 51. Rxh7 b1=Q 52. Rh6+ Ke7 53. g5 Qf5+ 54. Kh4 Qf2+ 55. Kh3 Qf5+ 56. Kh4 Qf4+ 57. Kh5 Qh2+ 58. Kg6 Qxg2 59. Rh7+ Kd8 60. Kf6 e5 61. g6 Qf3+ 62. Ke6 Qg4+ 63. Kf6 Qf4+ 64. Ke6 Qg4+ 65. Kf7 Qf5+ 66. Kg7 e4 67. Kh8 Qf8# 0-1


[Site "https://www.chess.com"]

[Event "Titled Tuesday Blitz April 11 Late 2023"]
[White "Manukyan, Sargis A."]
[Black "Kravtsiv, Martyn"]
[WhiteFideId "13303970"]
[BlackFideId "14113147"]
[WhiteElo "2187"]
[BlackElo "2695"]
[Result "0-1"]
[Round "06"]
[TimeControl "180+2"]
[Date "2023.04.11"]
[WhiteClock "0:00:15"]
[BlackClock "0:00:36"]

1. d4 d5 2. c4 e6 3. Nc3 Nf6 4. Nf3 Nbd7 5. Bg5 Bb4 6. cxd5 exd5 7. e3 c5 8. Bd3 Qa5 9. O-O c4 10. Bf5 O-O 11. Qc2 Re8 12. a3 Bxc3 13. bxc3 Ne4 14. Bf4 Ndf6 15. Bxc8 Raxc8 16. Rfc1 Re6 17. Nd2 Nxd2 18. Qxd2 Rb6 19. f3 Nh5 20. e4 Rb3 21. Bd6 Qd8 22. Be5 f6 23. Bf4 Qd7 24. Be3 f5 25. e5 Rc6 26. h3 g6 27. g4 Ng7 28. Bh6 Rcb6 29. Bxg7 Kxg7 30. Qg5 Rb2 31. Rf1 h6 32. Qf4 Rc2 33. Rae1 Rbb2 34. e6 Qe7 35. gxf5 Qg5+ 36. Qxg5 hxg5 37. Rf2 Rxf2 38. e7 Rg2+ 39. Kh1 Rh2+ 40. Kg1 Rbg2+ 41. Kf1 Rh1+ 42. Kxg2 Rxe1 43. f6+ Kxf6 44. f4 gxf4 45. Kf3 Rxe7 46. Kg4 Re4 47. h4 f3+ 48. Kxf3 Rxh4 49. a4 Re4 50. a5 a6 51. Kg3 Ke6 52. Kh3 Kd7 53. Kg3 Kc6 54. Kh3 Kb5 55. Kg3 Kxa5 56. Kh3 Ka4 57. Kg3 0-1


[Site "https://www.chess.com"]

[Event "Titled Tuesday Blitz April 11 Late 2023"]
[White "Kevlishvili, Robby"]
[Black "Manelyuk, Daniil"]
[WhiteFideId "1040634"]
[BlackFideId "44173920"]
[WhiteElo "2572"]
[BlackElo "2259"]
[Result "1-0"]
[Round "06"]
[TimeControl "180+2"]
[Date "2023.04.11"]
[WhiteClock "0:00:28"]
[BlackClock "0:00:05"]

1. e4 c6 2. Nf3 d5 3. Nc3 dxe4 4. Nxe4 Nf6 5. Qe2 Nxe4 6. Qxe4 Qd5 7. Qh4 Qf5 8. Bc4 Qxc2 9. d3 e6 10. O-O Be7 11. Qg3 Bf6 12. Ng5 Nd7 13. Ne4 Be5 14. Bf4 Bxf4 15. Qxf4 O-O 16. Rab1 Nb6 17. Rfc1 Qa4 18. Nc5 Qb4 19. Qe3 Nd5 20. Bxd5 exd5 21. a3 Qb6 22. b4 Qd8 23. Re1 b6 24. Nb3 Bd7 25. Nd4 Re8 26. Qf4 Rxe1+ 27. Rxe1 Qb8 28. Qh4 Qd6 29. h3 c5 30. bxc5 bxc5 31. Nf3 f6 32. Qh5 g6 33. Qh6 Re8 34. Rb1 c4 35. dxc4 dxc4 36. Qc1 Qd5 37. Qc3 Qf7 38. Rb7 Re7 39. Qd4 Be6 40. Rb8+ Kg7 41. Ng5 Rd7 42. Qc3 Rd1+ 43. Kh2 Qc7+ 44. g3 Qxb8 45. Nxe6+ Kh6 46. Qxf6 1-0


[Site "https://www.chess.com"]

[Event "Titled Tuesday Blitz April 11 Late 2023"]
[White "Grigorjev, Iljya"]
[Black "Rastbod, Ali"]
[WhiteFideId "24159565"]
[BlackFideId "12567477"]
[WhiteElo "2323"]
[BlackElo "2248"]
[Result "1/2-1/2"]
[Round "06"]
[TimeControl "180+2"]
[Date "2023.04.11"]
[WhiteClock "0:00:03"]
[BlackClock "0:00:05"]

1. d4 Nf6 2. c4 e6 3. Nc3 Bb4 4. e3 O-O 5. Bd3 d5 6. a3 Bxc3+ 7. bxc3 dxc4 8. Bxc4 c5 9. Ne2 Qc7 10. Bd3 Nc6 11. O-O e5 12. Ng3 Be6 13. f4 exd4 14. cxd4 Rad8 15. Rb1 Rfe8 16. Nh5 Qe7 17. Nxf6+ Qxf6 18. Rxb7 Bd5 19. Qh5 g6 20. Qg5 Qxg5 21. fxg5 Ne5 22. Bb5 Bxb7 23. Bxe8 cxd4 24. exd4 Rxd4 25. Bf4 Nf3+ 26. gxf3 Rxf4 27. Rc1 Bxf3 28. Rc7 a5 29. h4 Bd5 30. Rc5 Be6 31. Rxa5 Rxh4 32. a4 Kg7 33. Kf2 Rh2+ 34. Ke3 Ra2 35. Ra7 Rg2 36. Ra5 h6 37. gxh6+ Kxh6 38. Rc5 Ra2 39. a5 Kg7 40. Bc6 Kf6 41. Bb7 Ke7 42. a6 Kd6 43. Rc6+ Ke5 44. Rc5+ Kd6 45. Rc1 f5 46. Kf4 Ra4+ 47. Kg5 Bd7 48. Rd1+ Kc7 49. Kxg6 Bb5 50. Rc1+ Kb6 51. Rb1 Kc5 52. Kg5 Bxa6 53. Bxa6 Rxa6 54. Kxf5 Rb6 55. Rxb6 Kxb6 1/2-1/2


[Site "https://www.chess.com"]

[Event "Titled Tuesday Blitz April 11 Late 2023"]
[White "Kornyukov, Alexey"]
[Black "Rustemov, Alexander"]
[WhiteFideId "4150457"]
[BlackFideId "4119002"]
[WhiteElo "2352"]
[BlackElo "2525"]
[Result "0-1"]
[Round "06"]
[TimeControl "180+2"]
[Date "2023.04.11"]
[WhiteClock "0:00:07"]
[BlackClock "0:01:13"]

1. d4 g6 2. c4 Bg7 3. e4 d6 4. Nc3 Nc6 5. Nge2 e5 6. d5 Nce7 7. Ng3 h5 8. h4 Bh6 9. Bd3 Kf8 10. Bxh6+ Nxh6 11. Qd2 Kg7 12. O-O-O c5 13. Qg5 f6 14. Nxh5+ Kh7 15. Nxf6+ Kg7 16. Nh5+ Kh7 17. Ng3 Kg7 18. f4 Nf7 19. Nf5+ Bxf5 20. Qg3 Bd7 21. f5 Rh6 22. Rdf1 Ng8 23. Nd1 g5 24. Ne3 Kf8 25. f6 g4 26. Nxg4 Rg6 27. Be2 Nxf6 28. Qf2 Bxg4 29. Bxg4 Rxg4 30. Qxf6 Qxf6 31. Rxf6 Rf4 32. Rxf4 exf4 33. Rf1 Ne5 34. Rxf4+ Ke7 35. b3 Nd3+ 36. Kd2 Nxf4 0-1


[Site "https://www.chess.com"]

[Event "Titled Tuesday Blitz April 11 Late 2023"]
[White "Duda, Jan-Krzysztof"]
[Black "Mortazavi, Ali"]
[WhiteFideId "1170546"]
[BlackFideId "401323"]
[WhiteElo "2790"]
[BlackElo "2339"]
[Result "0-1"]
[Round "06"]
[TimeControl "180+2"]
[Date "2023.04.11"]
[WhiteClock "0:00:07"]
[BlackClock "0:00:02"]

1. d4 Nf6 2. c4 g6 3. Nc3 Bg7 4. e4 O-O 5. Bd3 d6 6. Nge2 Nc6 7. f3 Nh5 8. Be3 e5 9. d5 Nd4 10. O-O c5 11. dxc6 bxc6 12. b4 c5 13. b5 f5 14. exf5 gxf5 15. Nd5 Kh8 16. a4 Rg8 17. a5 Be6 18. Nec3 Bf7 19. Kh1 Qh4 20. Bf2 Qg5 21. Rg1 e4 22. fxe4 f4 23. b6 Be5 24. b7 Rab8 25. a6 Qh6 26. Ne7 Ng3+ 27. Bxg3 Rxg3 28. Ne2 f3 29. Nxg3 Bxg3 30. h3 Be6 31. Nf5 Bxf5 32. exf5 Rg8 33. Be4 fxg2+ 34. Bxg2 Be5 35. Ra3 Qf4 36. Rg3 Qxg3 0-1


[Site "https://www.chess.com"]